 Dungeon Crawl Stone Soup version 0.30-a0-715-gdb4ae3ece1 (webtiles) character file.

Game seed: 17223776366615921947

106 M4edhros the Insei (level 4, -8/28 HPs)
             Began as an Octopode Artificer on Jan 24, 2023.
             Mangled by Duvessa
             ... wielding a +0 rapier
              (11 damage)
             ... on level 4 of the Dungeon.
             The game lasted 00:01:39 (1799 turns).

M4edhros the Insei (Octopode Artificer)             Turns: 1799, Time: 00:01:40

Health: -8/28      AC:  1    Str: 11    XL:     4   Next: 84%
Magic:  4/4        EV: 13    Int: 13    God:
Gold:   113        SH:  0    Dex: 14    Spells: 3/3 levels left

rFire   . . .      SeeInvis .      - Unarmed
rCold   . . .      Faith    .    (no shield)
rNeg    . . .      Spirit   .    (helmet restricted)
rPois   .          Reflect  .    (no amulet)
rElec   .          Harm     .    (no ring)
rCorr   .          Rampage  .    (no ring)
Will    .....                    (no ring)
Stlth   +++                      (no ring)
HPRegen 0.24/turn                (no ring)
MPRegen 0.09/turn                (no ring)
                                 (no ring)
                                 (no ring)

@: brilliant
A: almost no armour, amphibious, 8 rings, camouflage 1, gelatinous body 1,
(nimble swimmer 1), tentacles
a: no special abilities


You were on level 4 of the Dungeon.
You visited 1 branch of the dungeon, and saw 4 of its levels.

You collected 113 gold pieces.

Inventory:

Hand Weapons
 e - a +2 short sword of freezing
Wands
 b - a wand of flame (15) (quivered)
 c - a wand of charming (11)
 d - a wand of iceblast (5)
Scrolls
 a - 4 scrolls of identify {unknown}
 h - a scroll of vulnerability {unknown}
Potions
 f - 2 potions of haste {unknown}
 g - a potion of ambrosia {unknown}


   Skills:
 - Level 1.0 Fighting
 - Level 2.3 Dodging
 - Level 1.3 Stealth
 + Level 4.3 Unarmed Combat
 - Level 3.2 Evocations


You had 3 spell levels left.
You didn't know any spells.
Your spell library was empty.

Dungeon Overview and Level Annotations

Branches:
Dungeon (4/15)
 Temple: D:4-7

Altars:
Ashenzari
Hepliaklqana
Trog
Xom

Annotations:
D:4 Dowan, Duvessa


Innate Abilities, Weirdness & Mutations

You cannot wear most types of armour.
You are amphibious.
You can wear up to eight rings at the same time.
Your skin changes colour to match your surroundings (Stealth+).
Your rubbery body absorbs attacks. (AC +1, EV +1)
((You are camouflaged when in or above water. (Stealth+)))
You have tentacles for arms and can constrict up to eight enemies at once.


Message History

You see here a ball python corpse.
Found 9 stones.
Duvessa, Sister of Dowan comes into view.
She is wielding a +0 rapier and carrying a wand of digging (7).
Found a rapier.
Dowan, Brother of Duvessa comes into view.
He is wielding a +0 dagger.
Found a scale mail.
Aiming: Charm
Press: ? - help, Shift-Dir - straight line, f - Duvessa
Aim: Duvessa, wielding a +0 rapier, wearing a +0 leather armour and carrying a wand of digging (7) (asleep, chance to affect: 39%)
Okay, then.
A black bear comes into view.
Found 15 gold pieces.
Duvessa shouts!
You tentacle-slap Duvessa but do no damage.
Your grab misses Duvessa. You squeeze Duvessa.
Duvessa is lightly wounded.
A quokka comes into view.
Dowan points at you and mumbles some strange words.
The puff of frost hits you!
Duvessa drinks a potion.
Duvessa suddenly seems more resistant.
Okay, then.
It was a potion of brilliance.
You feel clever all of a sudden. Duvessa hits you with a +0 rapier.
Okay, then.
Duvessa attacks as you move away! Duvessa hits you with a +0 rapier!
* * * LOW HITPOINT WARNING * * *
Dowan points at Duvessa and mumbles some strange words.
Duvessa seems to speed up.
Aiming: Charm
Press: ? - help, Shift-Dir - straight line, f - Duvessa
Aim: Duvessa, wielding a +0 rapier, wearing a +0 leather armour and carrying a wand of digging (7) (lightly wounded, fast, unusually resistant, chance to affect: 39%) Duvessa resists with some effort.
Duvessa hits you with a +0 rapier.
* * * LOW HITPOINT WARNING * * *
Aiming: Charm
Press: ? - help, Shift-Dir - straight line, f/p - Duvessa
Aim: Duvessa, wielding a +0 rapier, wearing a +0 leather armour and carrying a wand of digging (7) (lightly wounded, fast, unusually resistant, chance to affect: 39%) Duvessa resists with some effort.
Duvessa completely misses you. Duvessa hits you with a +0 rapier!
You die...

.)...............
.................
.................
.................
........(........
.......h.........
......re.........
#######e#.##....#
#@#.# .####
###########.#.# .#
+....†......#.##
####.............#
####.......[.....#
+..<............##
####.....#......#
#...[.#......#
#............#


You could see Duvessa (fast, resistant), a black bear, Dowan and a quokka.

Vanquished Creatures
  A necrophage (D:4)
  An adder (D:2)
  3 worms
  A dart slug (D:1)
  2 orcs
  3 bats
  3 endoplasms
  A giant cockroach (D:3)
  A goblin (D:1)
  4 hobgoblins
  3 kobolds (D:1)
  2 quokkas
  2 ball pythons
  A frilled lizard (D:1)
  3 rats
31 creatures vanquished.

Notes
Turn   | Place    | Note
-------+----------+-------------------------------------------
     0 | D:1      | M4edhros the Octopode Artificer began the quest for the
                  | Orb.
     0 | D:1      | Reached XP level 1. HP: 13/13 MP: 1/1
    99 | D:1      | Found a faded altar of an unknown god.
    99 | D:1      | Noticed an iron imp
   191 | D:1      | Reached skill level 1 in Unarmed Combat
   215 | D:1      | Reached XP level 2. HP: 15/18 MP: 2/2
   473 | D:1      | Reached skill level 2 in Unarmed Combat
   953 | D:2      | Reached XP level 3. HP: 23/23 MP: 3/3
  1419 | D:3      | Reached skill level 3 in Unarmed Combat
  1430 | D:3      | Found a bloodstained altar of Trog.
  1608 | D:3      | Found a shimmering altar of Xom.
  1687 | D:3      | Found a broken altar of Ashenzari.
  1688 | D:3      | Found a hazy altar of Hepliaklqana.
  1708 | D:4      | Noticed a necrophage
  1713 | D:4      | Killed a necrophage
  1714 | D:4      | Reached skill level 4 in Unarmed Combat
  1714 | D:4      | Reached XP level 4. HP: 21/28 MP: 4/4
  1783 | D:4      | Noticed Duvessa
  1786 | D:4      | Noticed Dowan
  1789 | D:4      | Noticed a black bear
  1799 | D:4      | Mangled by Duvessa

Illustrated notes

Levels and vault maps discovered:
D:1:      co_arrival_random_square_maze, layout_basic,
          dreamdust_ecumenical_altar_sealed_demon
D:2:      layout_basic
D:3:      layout_rooms, chequers_temple_overflow_statue_of_worship,
          amcnicky_altar_gilded, minmay_misc_feat_columns, minivault_5
D:4:      layout_basic, mainiacjoe_overflow_small_starburst, marbit_many_paths,
          minmay_temple_entry_mini_moons, grunt_ministairs_8,
          nicolae_nh_ransacked_shop, uniq_duvessa, uniq_blork_the_orc

Skill      XL: |  1  2  3 |
---------------+----------+-----
Unarmed Combat | 1 2 4 |  4.3
Fighting       | |  1.0
Dodging        | |  2.3
Stealth        | |  1.3
Evocations     | |  3.2

Action                     |  1- 3 |  4- 6 || total
---------------------------+-------+-------++-------
  Melee: Unarmed           |    76 |     4 ||    80
         Constrict         |    19 |       ||    19
         Tentacles         |    22 |     2 ||    24
  Evoke: Wand              |     2 |     2 ||     4
    Use: Potion            |       |     1 ||     1
   Stab: Sleeping          |    11 |     2 ||    13
 Armour: Skin              |    11 |       ||    11
  Dodge: Dodged            |    39 |     2 ||    41

Table legend: (Time is in decaauts)
 A = Elapsed time spent in this place.
 B = Non-inter-level travel time spent in this place.
 C = Inter-level travel time spent in this place.
 D = Time resting spent in this place.
 E = Time spent auto-exploring this place.
 F = Levels seen in this place.
 G = Mean time per level.
                   A        B        C        D        E       F      G
               +--------+--------+--------+--------+--------+-----+--------+
         Total |   1795 |   1698 |     97 |     86 |   1345 |   4 |  448.8 |
       Dungeon |   1795 |   1698 |     97 |     86 |   1345 |   4 |  448.8 |
               +--------+--------+--------+--------+--------+-----+--------+

Top non-repeatable levels by time:
     D:2: 793 daAuts
     D:1: 596 daAuts
     D:3: 315 daAuts
     D:4: 90 daAuts
